 Dungeon Crawl Stone Soup version 0.30-a0-782-ge64f9170bb (webtiles) character file.

Game seed: 5405454775965667341

15992 Dirian the Cleaver (level 12, -25/117 HPs)
             Began as a Minotaur Fighter on Mar 7, 2023.
             Was an Initiate of Ru.
             Annihilated by a spriggan
             ... wielding the +8 trident of the Several People {heavy, *Rage rElec rPois rF+}
              (28 damage)
             ... on level 9 of the Dungeon.
             The game lasted 00:23:26 (12599 turns).

Dirian the Cleaver (Minotaur Fighter)              Turns: 12599, Time: 00:23:26

Health: -25/117    AC: 18    Str: 26    XL:     12   Next: 6%
Magic:  11/11      EV:  7    Int:  5    God:    Ru [......]
Gold:   199        SH: 11    Dex: 10    Spells: 11/11 levels left

rFire   + . .      SeeInvis +    a - +4 war axe (drain)
rCold   . . .      Faith    .    c - +1 buckler
rNeg    . . .      Spirit   .    F - +0 plate armour
rPois   +          Reflect  +    y - +0 hat {SInv}
rElec   .          Harm     .    C - +0 cloak
rCorr   .          Rampage  .    m - +0 pair of gloves
Will    .....      Clarity  +    (no boots) Stlth
                                 G - amulet of reflection
HPRegen 0.39/turn                w - ring of poison resistance
MPRegen 0.12/turn                H - ring of protection from fire

@: about to teleport, hasted, very quick
A: horns 2, retaliatory headbutt, clarity, robust 1
a: Renounce Religion


You were on level 9 of the Dungeon.
You worshipped Ru.
Ru was noncommittal.
You visited 2 branches of the dungeon, and saw 12 of its levels.
You also visited: Sewer.

You collected 914 gold pieces.
You spent 715 gold pieces at shops.

Inventory:

Hand Weapons
 a - a +4 war axe of draining (weapon)
 b - a +1 scimitar of flaming
Missiles
 d - 3 throwing nets (quivered)
Armour
 c - a +1 buckler (worn)
 m - a +0 pair of gloves (worn)
 y - a +0 hat of see invisible (worn)
 C - a +0 cloak (worn)
 F - a +0 plate armour (worn)
Jewellery
 k - a ring of see invisible
 w - a ring of poison resistance (left hand)
 G - an amulet of reflection (around neck)
 H - a ring of protection from fire (right hand)
Wands
 e - a wand of flame (27)
 j - a wand of paralysis (20)
 s - a wand of mindburst (5)
 v - a wand of digging (4)
 x - a wand of quicksilver (7)
Scrolls
 f - a scroll of summoning
 g - 4 scrolls of poison
 o - 2 scrolls of fear
 p - 2 scrolls of fog
 r - a scroll of identify
 t - 4 scrolls of teleportation
 B - 3 scrolls of immolation
 D - a scroll of brand weapon
 E - a scroll of enchant weapon
Potions
 h - 2 potions of haste
 i - 2 potions of brilliance
 l - 2 potions of flight
 n - 2 potions of lignification
 q - a potion of curing
 u - 7 potions of attraction
 A - a potion of mutation


   Skills:
 + Level 10.5 Fighting
 + Level 14.8 Axes
 + Level 12.6 Armour
 + Level 8.1 Shields
 * Level 5.0 Evocations


You had 11 spell levels left.
You didn't know any spells.
Your spell library contained the following spells:

 Spells                   Type           Power      Damage    Failure   Level
 Beastly Appendage        Tmut           0%         N/A       99%         1
 Wereblood                Tmut           0%         N/A       100%        2
 Spider Form              Tmut/Pois      0%         N/A       100%        3


Dungeon Overview and Level Annotations

Branches:
Dungeon (11/15) Zot: 25910  Temple (1/1) D:5 Zot: 5969    Lair (0/5) D:9
    Orc (0/2) D:11          Sewer (visited)

Altars:
Ashenzari
Cheibriados
Dithmenos
Elyvilon
Fedhas
Hepliaklqana
Kikubaaqudgha
Makhleb
Nemelex Xobeh
Okawaru
Qazlal
Ru
Sif Muna
Trog
Uskayaw
Vehumet
Wu Jian
Xom
Yredelemnul
Zin
The Shining One

Shops:
D:10 ((:=*

Annotations:
D:9 Dirian's ghost, novice MiFi
Temple 2 transporters


Innate Abilities, Weirdness & Mutations

You have a pair of horns on your head.
You reflexively headbutt those who attack you in melee.
You possess an exceptional clarity of mind.
You are robust. (+10% HP)


Message History

You closely miss the spriggan. Your headbutt misses the spriggan.
The spriggan hits you from afar with a +0 spear.
The spriggan hits you with the +8 trident of the Several People {heavy, *Rage rElec rPois rF+}!
You slash the spriggan!
The spriggan is moderately wounded.
You block the spriggan's attack.
You closely miss the spriggan.
The spriggan is moderately wounded.
The spriggan hits you with the +8 trident of the Several People {heavy, *Rage rElec rPois rF+}!!
The spriggan hits you from afar with a +0 spear.
You barely miss the spriggan.
The spriggan is moderately wounded.
The spriggan hits you with the +8 trident of the Several People {heavy, *Rage rElec rPois rF+}!
* * * LOW HITPOINT WARNING * * *
The spriggan hits you but does no damage.
Blink to where?
Press: ? - help, Dir - move target
As you read the scroll of blinking, it crumbles to dust.
You block the spriggan's attack.
Aiming: Quicksilver Bolt
Press: ? - help, Shift-Dir - straight line, f - spriggan
Aim: a spriggan, wielding the +8 trident of the Several People {heavy, *Rage rElec rPois rF+} (moderately wounded, berserk, 48% to hit)
The bolt of dispelling energy misses the spriggan.
The spriggan hits you from afar with the +8 trident of the Several People {heavy, *Rage rElec rPois rF+}!!
* * * LOW HITPOINT WARNING * * *
Okay, then.
Blink to where?
Press: ? - help, Dir - move target, p - spriggan
As you read the scroll of blinking, it crumbles to dust.
Press: ? - help, v - describe, . - travel The floor.
Press: ? - help, v - describe, . - travel
Here: a spriggan, wielding the +8 trident of the Several People {heavy, *Rage rElec rPois rF+} (translocational energy, lightly wounded, berserk)
The floor, spattered with blood.
Okay, then.
As you read the scroll of teleportation, it crumbles to dust.
You feel strangely unstable.
You feel yourself speed up.
The spriggan hits you from afar with the +8 trident of the Several People {heavy, *Rage rElec rPois rF+}!!
You die...

.......#.##.♣♣.♣♣ #.##...#####..
....##.###.♣♣ ♣ #.........####
.......# ♣♣ ##### ######....# #
.......# ####...# ####.####
.......# #......# #.....##.
##....(# #......# #.###..#.
#.....# #......# #.####...
#....i####......########.......>
#............i.@................
#....###############...........#
#....# #.#########.# #....#
#........##.# #....#
########.##.# ###### #.##.#
#.##.. #.##.≈ #....≈


You could see a spriggan (berserk).

Vanquished Creatures
  Gastronok (D:8)
  Snorg (D:10)
  Harold (D:10)
  Erica (D:9)
  3 two-headed ogres
  Nergalle (D:11)
  A fire crab (D:9)
  Maurice (D:9)
  5 yaktaurs (D:11)
  A polar bear (D:9)
  2 trolls
  A hornet (D:10)
  4 slime creatures (D:8)
  2 wraiths (D:11)
  2 shadows
  A wyvern (D:10)
  A vampire (D:9)
  9 yaks
  Grum (D:8)
  Menkaure (D:4)
  2 acid dragons (D:10)
  A black bear (D:5)
  A sky beast (D:7)
  Pargi (Sewer)
  2 orc warriors (D:11)
  3 ogres
  3 wolves (D:8)
  3 centaurs
  A phantom (D:4)
  2 kobold brigands
  2 scorpions (D:6)
  3 necrophages
  A gnoll sergeant (D:9)
  4 bullfrogs
  9 wights
  24 killer bees
  3 howler monkeys
  2 jellies (D:6)
  5 orc priests
  4 hounds
  A gnoll bouda (D:9)
  3 iguanas
  12 orc wizards
  11 gnolls
  7 adders
  2 white imps
  An ufetubus (D:4)
  A dart slug (D:4)
  26 orcs
  6 bats
  An endoplasm (D:2)
  2 giant cockroaches
  12 goblins
  6 hobgoblins
  3 quokkas
  3 ball pythons
  6 frilled lizards
  16 kobolds
  2 rats
237 creatures vanquished.

Vanquished Creatures (others)
  3 fungi (D:9)
3 creatures vanquished.

Grand Total: 240 creatures vanquished

Notes
Turn   | Place    | Note
-------+----------+-------------------------------------------
     0 | D:1      | Dirian the Minotaur Fighter began the quest for the Orb.
     0 | D:1      | Reached XP level 1. HP: 19/19 MP: 0/0
   268 | D:1      | Found a faded altar of an unknown god.
   279 | D:1      | Reached XP level 2. HP: 27/27 MP: 1/1
   391 | D:1      | Gained mutation: You are weak. (Str -2) [potion of
                  | mutation]
   391 | D:1      | Gained mutation: You expend magic power (3 MP) to
                  | strengthen your wands. [potion of mutation]
   391 | D:1      | Gained mutation: Your mind is acute. (Int +4, Str/Dex -1)
                  | [potion of mutation]
   419 | D:2      | Found a basalt altar of Yredelemnul.
   437 | D:2      | Reached XP level 3. HP: 33/33 MP: 2/2
   707 | D:2      | Reached skill level 3 in Axes
  1598 | D:3      | Lost mutation: Your mind is acute. (Int +4, Str/Dex -1)
                  | [potion of mutation]
  1598 | D:3      | Lost mutation: You are weak. (Str -2) [potion of mutation]
  1598 | D:3      | Lost mutation: You expend magic power (3 MP) to strengthen
                  | your wands. [potion of mutation]
  1598 | D:3      | Gained mutation: You are robust. (+10% HP) [potion of
                  | mutation]
  1598 | D:3      | Gained mutation: You possess an exceptional clarity of
                  | mind. [potion of mutation]
  2240 | D:4      | Reached skill level 4 in Axes
  2240 | D:4      | Reached XP level 4. HP: 28/43 MP: 3/3
  2309 | D:4      | Noticed a phantom
  2326 | D:4      | Killed a phantom
  2327 | D:4      | Reached XP level 5. HP: 29/51 MP: 4/4
  2513 | D:4      | Reached skill level 5 in Axes
  2513 | D:4      | Reached skill level 5 in Armour
  2532 | D:4      | Reached XP level 6. HP: 31/58 MP: 5/5
  3010 | D:4      | Noticed an angel
  3011 | D:4      | Found a glowing silver altar of Zin.
  3011 | D:4      | Noticed Menkaure
  3015 | D:4      | Killed Menkaure
  3209 | D:4      | Reached skill level 5 in Fighting
  3375 | D:5      | Entered Level 5 of the Dungeon
  3397 | D:5      | Reached skill level 6 in Axes
  3627 | D:5      | Reached XP level 7. HP: 54/67 MP: 6/6
  3731 | D:5      | Found a staircase to the Ecumenical Temple.
  3768 | D:5      | Reached skill level 7 in Axes
  3787 | Temple   | Entered the Ecumenical Temple
  3787 | Temple   | Found a transporter.
  3787 | Temple   | Found a transporter.
  3789 | Temple   | Found a transporter.
  3789 | Temple   | Found a transporter.
  3803 | Temple   | Became a worshipper of Ru the Awakened
  3919 | D:5      | Reached skill level 5 in Shields
  4360 | D:6      | Found an iron altar of Okawaru.
  4360 | D:6      | Found a shimmering blue altar of Sif Muna.
  4386 | D:6      | Found a stormy altar of Qazlal.
  4386 | D:6      | Found a snail-covered altar of Cheibriados.
  4446 | D:6      | Found a glowing drain.
  4455 | Sewer    | Entered a sewer
  4564 | Sewer    | Noticed Pargi
  4574 | Sewer    | Killed Pargi
  4575 | Sewer    | Reached XP level 8. HP: 75/77 MP: 7/7
  4675 | D:6      | Reached skill level 8 in Axes
  5434 | D:7      | Reached skill level 9 in Axes
  5694 | D:7      | Reached XP level 9. HP: 84/85 MP: 8/8
  6051 | D:8      | Noticed Grum
  6240 | D:8      | Reached skill level 10 in Axes
  6742 | D:8      | Reached skill level 11 in Axes
  6978 | D:8      | Noticed a two-headed ogre
  6988 | D:8      | Killed a two-headed ogre
  7257 | D:8      | Reached skill level 10 in Armour
  7257 | D:8      | Reached XP level 10. HP: 63/96 MP: 9/9
  7270 | D:8      | Killed Grum
  7528 | D:8      | Reached skill level 12 in Axes
  7546 | D:8      | Noticed Gastronok
  7563 | D:8      | Killed Gastronok
  8137 | D:9      | Found Zeng's Weapon Emporium.
  8138 | D:9      | Noticed Maurice
  8151 | D:8      | Reached skill level 1 in Evocations
  8261 | D:9      | Killed Maurice
  8833 | D:9      | Reached skill level 13 in Axes
  9076 | D:9      | Found a runed translucent door.
  9081 | D:9      | Identified the +8 trident of the Several People {heavy,
                  | *Rage rElec rPois rF+}
  9081 | D:9      | Noticed Dirian's ghost (novice MiFi)
  9159 | D:9      | Found a staircase to the Lair.
  9159 | D:9      | Noticed a fire crab
  9240 | D:9      | Killed a fire crab
  9508 | D:9      | Noticed Erica
  9529 | D:9      | Killed Erica
  9530 | D:9      | Reached XP level 11. HP: 81/106 MP: 10/10
  9935 | D:10     | Entered Level 10 of the Dungeon
 10007 | D:10     | Noticed a two-headed ogre
 10015 | D:10     | Noticed a two-headed ogre
 10018 | D:10     | Killed a two-headed ogre
 10045 | D:10     | Killed a two-headed ogre
 10198 | D:10     | Identified a scroll of acquirement
 10199 | D:10     | Acquired a +4 war axe of draining
 10205 | D:10     | Noticed Snorg
 10217 | D:10     | Killed Snorg
 10438 | D:10     | Noticed Harold
 10454 | D:10     | Killed Harold
 10458 | D:10     | Reached skill level 14 in Axes
 10694 | D:10     | Reached skill level 10 in Fighting
 10792 | D:10     | Found Cire's Weapon Emporium.
 10921 | D:10     | Found Ikuoj's Weapon Emporium.
 11020 | D:10     | Found Unkept's Assorted Antiques.
 11130 | D:10     | Found Bewyiwas's Jewellery Emporium.
 11150 | D:10     | Bought an amulet of reflection for 390 gold pieces
 11150 | D:10     | Bought a ring of protection from fire for 325 gold pieces
 11283 | D:10     | Found Rourutiv's Book Shoppe.
 11715 | D:11     | Found a staircase to the Orcish Mines.
 11719 | D:11     | Noticed Nergalle
 11730 | D:11     | Noticed a spectral orc warlord
 11737 | D:11     | Killed Nergalle
 11983 | D:11     | Found a white marble altar of Elyvilon.
 12080 | D:11     | Reached XP level 12. HP: 32/117 MP: 11/11
 12319 | D:11     | Reached skill level 5 in Evocations
 12595 | D:9      | HP: 1/117 [spriggan/the +8 trident of the Several People
                  | {heavy, *Rage rElec rPois rF+} (31)]
 12599 | D:9      | Annihilated by a spriggan

Illustrated notes

Levels and vault maps discovered:
D:1:      lightli_arrival_statue_moat, layout_rooms, basic_ecumenical_altar,
          st_stairs_10
D:2:      layout_basic, basic_altar
D:3:      layout_basic
D:4:      layout_basic, zin_angel, uniq_menkaure
D:5:      layout_loops_ring, minmay_temple_entry_junction
D:6:      layout_loops_ring, grunt_temple_overflow_open, portal_sewer_entry_d,
          grunt_decor_cap
D:7:      layout_gridville
D:8:      minmay_general_purpose_star, layout_loops_ring, uniq_grum,
          uniq_gastronok
D:9:      layout_basic, minmay_lair_entry_lava, serial_shops,
          nicolae_stop_n_shop_2, ebering_ghost_funeral_grove, enter_bailey_5,
          uniq_maurice, uniq_erica
D:10:     layout_long_grid, serial_shops, nicolae_shop_bloodbath_and_beyond,
          shop, shop_coins, nicolae_shop_behind_doors,
          nicolae_shop_hallway_plus, minmay_fractal_squares_gapless_5,
          uniq_harold, uniq_snorg
D:11:     layout_roguey, minmay_orc_entry_temple_small, hex_tiny,
          elyvilon_altar_5, uniq_nergalle
Temple:   hellmonk_temple_divided_pantheon

Skill      XL: |  1  2  3  4  5  6  7  8  9 10 11 12 |
---------------+-------------------------------------+-----
Fighting       | 4 5 6 8 9 10 | 10.5
Armour         | 4 5 7 8 10 11 12 | 12.6
Shields        | 4 5 6 7 8 |  8.1
Axes           | 4 5 6 7 9 11 13 14 | 14.8
Evocations     | 2 4 5 |  5.0

Action                     |  1- 3 |  4- 6 |  7- 9 | 10-12 || total
---------------------------+-------+-------+-------+-------++-------
  Melee: War axe           |    91 |    80 |   205 |   307 ||   683
         Headbutt          |     7 |    14 |    39 |    73 ||   133
 Invoke: Reject Sacrifices |       |       |     1 |     1 ||     2
  Evoke: Wand              |       |       |     5 |     3 ||     8
    Use: Scroll            |     6 |     3 |     8 |     6 ||    23
         Potion            |     8 |     1 |     1 |     5 ||    15
   Stab: Paralysed         |       |       |     1 |     6 ||     7
 Armour: Scale mail        |    39 |    36 |    61 |       ||   136
         Chain mail        |       |       |    81 |    72 ||   153
         Plate armour      |       |       |       |    87 ||    87
  Dodge: Dodged            |    40 |    38 |    74 |   114 ||   266
  Block: Buckler           |    22 |    21 |    58 |   123 ||   224
         Reflection        |       |       |       |     7 ||     7

Table legend: (Time is in decaauts)
 A = Elapsed time spent in this place.
 B = Non-inter-level travel time spent in this place.
 C = Inter-level travel time spent in this place.
 D = Time resting spent in this place.
 E = Time spent auto-exploring this place.
 F = Levels seen in this place.
 G = Mean time per level.
                   A        B        C        D        E       F      G
               +--------+--------+--------+--------+--------+-----+--------+
         Total |  12650 |  12120 |    530 |   1389 |   8797 |  13 |  973.1 |
       Dungeon |  12417 |  11896 |    521 |   1389 |   8639 |  11 | 1128.8 |
        Temple |     30 |     21 |      9 |      0 |      0 |   1 |   30.0 |
         Sewer |    202 |    202 |      0 |      0 |    158 |   1 |  202.0 |
               +--------+--------+--------+--------+--------+-----+--------+

Top non-repeatable levels by time:
     D:8: 1808 daAuts
     D:9: 1627 daAuts
    D:10: 1550 daAuts
     D:7: 1288 daAuts
     D:4: 1169 daAuts
     D:6: 1009 daAuts
     D:2: 937 daAuts
     D:3: 921 daAuts
     D:5: 876 daAuts
    D:11: 830 daAuts
     D:1: 398 daAuts
   Sewer: 202 daAuts
  Temple: 30 daAuts
